 Dungeon Crawl Stone Soup version 0.30.1-11-g7821555f0a (webtiles) character file.

Game seed: 12830069778987341458

66563 octoduck the Slicer (level 15, 0/78 HPs)
             Began as a Vine Stalker Brigand on Dec 24, 2023.
             Was an Elder of Makhleb.
             Drowned by a quicksilver ooze (5 damage)
             ... in an ice cave on Dec 25, 2023.
             The game lasted 01:36:23 (24391 turns).

octoduck the Slicer (Vine Stalker Brigand)         Turns: 24391, Time: 01:36:24

Health: 0/78       AC: 12    Str: 19    XL:     15   Next: 20%
Magic:  0/37       EV: 17    Int: 11    God:    Makhleb [****..]
Gold:   596        SH: 12    Dex: 23    Spells: 25/31 levels left

rFire   . . .        B - +2 short sword (holy)
rCold   + + .        D - +0 buckler
rNeg    . . .        a - +2 leather armour {rC+}
rPois   .            b - +2 hat
rElec   .            Y - +1 cloak
rCorr   .            G - +0 pair of gloves
SInv    .            U - +0 pair of boots
Will    +....        d - amulet of reflection
Stlth   ++++         C - ring "Jyhief" {MP+9 Str+3 Dex+2}
HPRegen 1.13/turn    p - ring of protection from cold
MPRegen 0.25/turn

%: reflection, guardian spirit
@: mighty, engulfed (cannot breathe), hasted, studying Throwing, very quick
A: fangs 3, regeneration 1, magic shield, antimagic bite, no potion heal 2
a: Renounce Religion, Minor Destruction, Lesser Servant of Makhleb, Major
Destruction


You were in an ice cave.
You worshipped Makhleb.
Makhleb was greatly pleased with you.
You visited 4 branches of the dungeon, and saw 18 of its levels.
You also visited: Ossuary, Bailey and Ice Cave.

You collected 1435 gold pieces.
You spent 839 gold pieces at shops.

Inventory:

Hand Weapons
 B - a +2 short sword of holy wrath (weapon)
 I - a +4 short sword of freezing
Missiles
 e - 22 curare-tipped darts (quivered)
 g - 13 javelins
 t - a throwing net
 x - a boomerang of dispersal
 E - 13 poisoned darts
 N - 9 datura-tipped darts
 T - 4 atropa-tipped darts
Armour
 a - a +2 leather armour of cold resistance (worn)
 b - a +2 hat (worn)
 D - a +0 buckler (worn)
 G - a +0 pair of gloves (worn)
 O - the +0 leather armour "Odib" {MP+9}
   (You bought it in a shop on level 2 of the Dungeon)

   MP:        It affects your magic capacity (+9).
 U - a +0 pair of boots (worn)
 Y - a +1 cloak (worn)
Jewellery
 d - an amulet of reflection (around neck)
 m - a ring of protection from cold
 p - a ring of protection from cold (right hand)
 u - a ring of see invisible
 A - a +5 ring of evasion
 C - the ring "Jyhief" (left hand) {MP+9 Str+3 Dex+2}
   (You took it off an orc warrior in a bailey)

   [ring of magical power]

   Str:       It affects your strength (+3).
   Dex:       It affects your dexterity (+2).
   MP:        It affects your magic capacity (+9).
Wands
 c - a wand of acid (9)
 n - a wand of mindburst (7)
 q - a wand of polymorph (19)
 r - a wand of charming (9)
 X - a wand of digging (16)
Scrolls
 f - 2 scrolls of vulnerability
 i - 8 scrolls of teleportation
 j - 2 scrolls of magic mapping
 k - 2 scrolls of amnesia
 y - 3 scrolls of butterflies
 F - 5 scrolls of fear
 J - a scroll of brand weapon
 L - 5 scrolls of enchant weapon
 M - a scroll of identify
 R - 6 scrolls of fog
Potions
 h - 2 potions of magic
 l - 3 potions of berserk rage
 o - 7 potions of curing
 s - 2 potions of brilliance
 v - 4 potions of haste
 z - 5 potions of ambrosia
 H - a potion of might
 K - 3 potions of invisibility
 V - 3 potions of flight
 W - a potion of cancellation
 Z - a potion of resistance
Miscellaneous
 P - a box of beasts
 Q - a phantom mirror


   Skills:
 - Level 8.5 Fighting
 - Level 10.5 Short Blades
 - Level 5.1 Throwing
 + Level 4.1 Armour
 - Level 7.1 Dodging
 - Level 6.1 Stealth
 - Level 5.9 Shields
 - Level 8.9 Spellcasting
 - Level 7.0 Hexes
 - Level 7.0 Translocations
 + Level 8.0 Invocations
 - Level 7.8 Evocations


You had 25 spell levels left.
You knew the following spells:

 Your Spells              Type           Power      Damage    Failure   Level
a - Confusing Touch       Hex            20%        N/A       3%          3
b - Teleport Other        Tloc           20%        N/A       3%          3

Your spell library contained the following spells:

 Spells                   Type           Power      Damage    Failure   Level
 Slow                     Hex            80%        N/A       1%          1
 Lesser Beckoning         Tloc           40%        N/A       1%          2
 Gell's Gravitas          Tloc           20%        N/A       3%          3
 Tukima's Dance           Hex            20%        N/A       3%          3
 Passage of Golubria      Tloc           20%        N/A       12%         4
 Magic Dart               Conj           16%        1d3       22%         1
 Searing Ray              Conj           8%         2d4       32%         2
 Fulminant Prism          Conj/Hex       6%         3d6       45%         4
 Hailstorm                Conj/Ice       4%         3d4       54%         3
 Vampiric Draining        Necr           4%         2d6       54%         3
 Yara's Violent Unravell  Hex/Tmut       6%         3d5       80%         5
 Ice Form                 Ice/Tmut       4%         N/A       91%         4
 Simulacrum               Ice/Necr       2%         N/A       100%        6


Dungeon Overview and Level Annotations

Branches:
Dungeon (11/15)            Temple (1/1) D:7            Lair (5/5) D:8
  Swamp (0/4) Lair:2       Spider (0/4) Lair:2        Slime (0/5) Lair:4
    Orc (1/2) D:10        Ossuary (visited)          Bailey (visited)
  IceCv (1/1)

Altars:
Cheibriados
Dithmenos
Elyvilon
Fedhas
Gozag
Hepliaklqana
Kikubaaqudgha
Makhleb
Nemelex Xobeh
Okawaru
Qazlal
Ru
Sif Muna
Trog
Vehumet
Wu Jian
Xom
Yredelemnul
Zin
The Shining One
Jiyva

Shops:
D:1 !   D:2 [!(*:   D:10 *

Annotations:
D:9 exclusion: wight, Psyche
D:10 2 runed translucent doors, Erica, Maggie
D:11 3 runed translucent doors, BiteMe's ghost, journeyman DsFE
Lair:1 exclusion: 2 elephants
Lair:3 exclusion: oklob plant
Orc:1 Harold


Innate Abilities, Weirdness & Mutations

You have razor-sharp teeth.
Your natural rate of healing is unusually fast.
When hurt, damage is shared between your health and your magic reserves.
Your bite disrupts and absorbs the magic of your enemies.
Potions cannot restore your health.


Message History

You feel your power leaking away.
You hit the quicksilver ooze. Your bite misses the quicksilver ooze.
The quicksilver ooze is almost dead.
Your lungs strain for air!
The quicksilver ooze misses you.
The quicksilver ooze hits you but does no damage.
You closely miss the quicksilver ooze. Your bite misses the quicksilver ooze.
The quicksilver ooze is almost dead.
Your lungs strain for air!
The quicksilver ooze hits you!!
* * * LOW HITPOINT WARNING * * *
The quicksilver ooze closely misses you.
You barely miss the quicksilver ooze. Your bite misses the quicksilver ooze.
The quicksilver ooze is almost dead.
* * * LOW HITPOINT WARNING * * *
Your lungs strain for air!
You block the quicksilver ooze's attack. x2
You hit the quicksilver ooze but do no damage.
The quicksilver ooze is almost dead.
* * * LOW HITPOINT WARNING * * *
Your lungs strain for air!
You barely miss the quicksilver ooze. Your bite misses the quicksilver ooze.
The quicksilver ooze is almost dead.
* * * LOW HITPOINT WARNING * * *
Your lungs strain for air!
You block the quicksilver ooze's attack.
The quicksilver ooze hits you!
* * * LOW HITPOINT WARNING * * *
You feel your power leaking away.
Okay, then.
You cannot read scrolls while unable to breathe!
Magic courses through your body.
* * * LOW HITPOINT WARNING * * *
Your lungs strain for air!
The quicksilver ooze hits you. x2
You feel your power leaking away.
The quicksilver ooze closely misses you.
You block the quicksilver ooze's attack.
You feel yourself speed up.
You die...

##..##..#..#
###
..#...##.##..#
.....#..#..##
#....#..#
#...##..#
##...#..##
#...##..#
##..##..##
#.@##...
#..J...#
#......#
#......#
#.....##
##...## #####


You could see a quicksilver ooze.

Vanquished Creatures
  Gastronok (D:8)
  A fire dragon (D:10)
  3 hydras
  3 catoblepae
  2 boulder beetles
  4 two-headed ogres
  4 death yaks
  2 spectral death yaks (Lair:5)
  An orb spider (Lair:2)
  A lindwurm (Lair:4)
  Pikel (D:4)
  An orc knight (Bailey)
  Maurice (D:10)
  5 elephants
  2 gargoyles
  A torpor snail (Lair:3)
  An ice statue (IceCv)
  4 black mambas
  Joseph (D:8)
  10 cane toads
  9 komodo dragons
  11 rime drakes (Lair:4)
  4 polar bears
  4 trolls
  2 hornets
  13 blink frogs
  5 dream sheep (Lair:5)
  2 shadows (D:10)
  34 yaks
  5 basilisks
  5 wyverns
  13 steam dragons
  2 vampire mosquitoes
  Edmund (D:4)
  12 water moccasins
  2 acid dragons (D:7)
  A black bear (D:5)
  2 sky beasts (D:6)
  10 orc warriors
  6 ice beasts
  2 great orb of eyes simulacra (IceCv)
  6 centaurs
  7 wolves
  An ogre (D:6)
  A slime creature simulacrum (IceCv)
  2 lemures (D:4)
  11 bullfrogs
  An elf zombie (Ossuary)
  10 kobold brigands
  Blork the orc (D:5)
  A gnoll sergeant (D:4)
  2 glowing shapeshifter simulacra (IceCv)
  5 necrophages (Lair:2)
  13 wights
  A killer bee (D:10)
  2 vampire bats (D:10)
  2 howler monkeys
  6 electric eels (D:8)
  2 centaur zombies (Ossuary)
  17 hounds
  A human zombie (Ossuary)
  5 jellies
  5 gnoll boudas
  9 orc priests
  Crazy Yiuf (D:2)
  2 iguanas
  4 sleepcaps
  Terence (D:3)
  5 orc wizards
  Natasha (thrice) (D:2)
  2 hound zombies (Ossuary)
  3 mummies (Ossuary)
  41 gnolls
  7 adders
  3 shadow imps
  4 white imps
  2 ufetubi
  4 adder zombies (Ossuary)
  2 worms
  3 dart slugs
  50 orcs
  8 endoplasms
  A giant cockroach (D:3)
  4 gnoll zombies (Ossuary)
  11 goblins
  6 hobgoblins
  24 jackals
  21 kobolds
  4 quokkas (D:1)
  3 ball pythons
  13 bats
  5 frilled lizards
  2 hobgoblin zombies (Ossuary)
  5 jackal zombies (Ossuary)
  4 kobold zombies (Ossuary)
  An orc zombie (Ossuary)
  5 quokka zombies (Ossuary)
  4 rats
  6 rat zombies (Ossuary)
569 creatures vanquished.

Vanquished Creatures (others)
  A human (D:10)
  An orc wizard (D:5)
  An orc (D:4)
3 creatures vanquished.

Grand Total: 572 creatures vanquished

Notes
Turn   | Place    | Note
-------+----------+-------------------------------------------
     0 | D:1      | octoduck the Vine Stalker Brigand began the quest for the
                  | Orb.
     0 | D:1      | Reached XP level 1. HP: 11/11 MP: 2/2
   183 | D:1      | Reached skill level 2 in Short Blades
   187 | D:1      | Reached skill level 5 in Stealth
   221 | D:1      | Reached XP level 2. HP: 9/15 MP: 3/3
   707 | D:1      | Reached XP level 3. HP: 18/18 MP: 4/4
   749 | D:1      | Found Fuorimis's Distillery.
   763 | D:1      | Bought a potion of curing for 30 gold pieces
   900 | D:2      | Found a stormy altar of Qazlal.
   940 | D:2      | Found a runed translucent door.
   941 | D:2      | Noticed Crazy Yiuf
  1056 | D:2      | Noticed Natasha
  1063 | D:2      | Killed Natasha
  1064 | D:2      | Reached skill level 3 in Short Blades
  1112 | D:2      | Gained mutation: Your natural rate of healing is unusually
                  | fast. [Vine Stalker growth]
  1112 | D:2      | Reached XP level 4. HP: 23/23 MP: 5/5
  1116 | D:2      | Noticed Natasha
  1128 | D:2      | Killed Natasha
  1287 | D:2      | Found Egotior's Book Shop.
  1323 | D:2      | Found Nosil's General Store.
  1328 | D:2      | Noticed Natasha
  1347 | D:2      | Killed Natasha
  1348 | D:2      | Reached skill level 4 in Short Blades
  1348 | D:2      | Reached XP level 5. HP: 15/26 MP: 2/6
  1369 | D:2      | Bought a scroll of identify for 24 gold pieces
  1408 | D:2      | Found Foiv's Antique Weapon Boutique.
  1422 | D:2      | Found Wodghailu's Distillery.
  1429 | D:2      | Found Rechoant's Antique Armour Boutique.
  1676 | D:2      | Killed Crazy Yiuf
  2136 | D:3      | Noticed Terence
  2147 | D:3      | Killed Terence
  2172 | D:3      | Found a faded altar of an unknown god.
  2175 | D:3      | Found a blossoming altar of Fedhas.
  2350 | D:3      | Found a bloodstained altar of Trog.
  2429 | D:3      | Reached XP level 6. HP: 23/30 MP: 5/7
  2614 | D:4      | Identified the +5 falchion of the Pit {drain, rN+}
  2622 | D:4      | Found a basalt altar of Yredelemnul.
  2724 | D:4      | Reached skill level 5 in Short Blades
  2983 | D:4      | Noticed Edmund
  2987 | D:4      | Killed Edmund
  3170 | D:4      | Reached skill level 6 in Short Blades
  3243 | D:4      | Found a white marble altar of Elyvilon.
  3325 | D:4      | Noticed Pikel
  3382 | D:4      | Reached XP level 7. HP: 31/34 MP: 6/8
  3742 | D:4      | Killed Pikel
  3743 | D:4      | Reached skill level 8 in Short Blades
  3743 | D:4      | Gained mutation: You have razor-sharp teeth. [Vine Stalker
                  | growth]
  3743 | D:4      | Reached XP level 8. HP: 5/38 MP: 0/9
  4378 | D:4      | Reached skill level 1 in Dodging
  5281 | D:1      | Bought a potion of haste for 100 gold pieces
  5353 | D:5      | Entered Level 5 of the Dungeon
  5358 | D:5      | Reached skill level 9 in Short Blades
  5372 | D:5      | Found a glowing silver altar of Zin.
  5420 | D:5      | Found a radiant altar of Vehumet.
  5817 | D:5      | Noticed Blork the orc
  5824 | D:5      | Killed Blork the orc
  5825 | D:5      | Reached XP level 9. HP: 42/42 MP: 10/10
  6223 | D:5      | Reached skill level 10 in Short Blades
  6561 | D:5      | Found a sacrificial altar of Ru.
  7654 | D:7      | Reached skill level 1 in Spellcasting
  7721 | D:7      | Noticed a hornet
  7906 | D:7      | Reached XP level 10. HP: 46/49 MP: 13/15
  7947 | D:7      | Found a staircase to the Ecumenical Temple.
  7964 | Temple   | Entered the Ecumenical Temple
  8094 | D:7      | Found a sparkling altar of Nemelex Xobeh.
  8407 | D:7      | Reached skill level 5 in Dodging
  8936 | D:7      | Noticed a gargoyle
  8984 | D:7      | Killed a gargoyle
  9124 | D:7      | Noticed a boulder beetle
  9175 | D:7      | Killed a boulder beetle
  9176 | D:7      | Reached skill level 5 in Fighting
  9210 | D:8      | Noticed Joseph
  9254 | D:8      | Reached skill level 5 in Spellcasting
  9301 | D:8      | Found a sand-covered staircase.
  9306 | Ossuary  | Entered an ossuary
  9845 | D:2      | Bought the +0 leather armour "Odib" {MP+9} for 334 gold
                  | pieces
 10184 | D:6      | Reached XP level 11. HP: 39/56 MP: 20/20
 10483 | D:7      | Noticed a death knight
 10661 | D:8      | Found a shadowy altar of Dithmenos.
 10806 | D:9      | Noticed a two-headed ogre
 10818 | D:9      | Killed a two-headed ogre
 10821 | D:9      | Found a flagged portal.
 10848 | Bailey   | Entered a bailey
 10981 | Bailey   | Noticed an orc knight
 11022 | Bailey   | Killed an orc knight
 11023 | Bailey   | Reached skill level 1 in Evocations
 11117 | Bailey   | Identified the ring "Jyhief" {MP+9 Str+3 Dex+2}
 11249 | Bailey   | Found a burning altar of Makhleb.
 11325 | Bailey   | Became a worshipper of Makhleb the Destroyer
 11460 | D:9      | Reached skill level 1 in Invocations
 11688 | D:9      | Noticed a two-headed ogre
 11699 | D:9      | Killed a two-headed ogre
 11827 | D:9      | Found a snail-covered altar of Cheibriados.
 12068 | D:9      | Noticed Psyche
 12675 | D:8      | Noticed Gastronok
 12701 | D:8      | Killed Gastronok
 12737 | D:8      | Killed Joseph
 13234 | D:8      | Found a staircase to the Lair.
 13556 | D:8      | Found an iron altar of Okawaru.
 13720 | D:7      | Reached skill level 5 in Evocations
 13731 | D:7      | Reached XP level 12. HP: 48/62 MP: 23/23
 13898 | D:2      | Bought a potion of flight for 30 gold pieces
 13898 | D:2      | Bought a potion of invisibility for 80 gold pieces
 13898 | D:2      | Bought a potion of cancellation for 80 gold pieces
 14138 | Lair:1   | Entered Level 1 of the Lair of Beasts
 14214 | D:10     | Entered Level 10 of the Dungeon
 14216 | D:10     | Noticed Maurice
 14222 | D:10     | Found a large runed translucent door.
 14222 | D:10     | Found a large runed translucent door.
 14231 | D:10     | Killed Maurice
 14232 | D:10     | Reached skill level 5 in Invocations
 14275 | D:10     | Noticed Erica
 14459 | D:10     | Reached * piety under Makhleb
 14484 | D:10     | Found a staircase to the Orcish Mines.
 14498 | D:10     | Found a glowing golden altar of the Shining One.
 14533 | D:10     | Noticed Maggie
 14614 | D:10     | Noticed a two-headed ogre
 14631 | D:10     | Killed a two-headed ogre
 14656 | D:10     | Noticed a fire dragon
 14982 | D:8      | Learned a level 3 spell: Confusing Touch
 15007 | D:8      | Reached skill level 1 in Hexes
 15726 | Lair:1   | Reached skill level 5 in Hexes
 15738 | Lair:1   | Reached ** piety under Makhleb
 15913 | Lair:1   | Noticed a boulder beetle
 15942 | Lair:1   | Killed a boulder beetle
 16477 | Lair:2   | Found a hole to the Spider Nest.
 16953 | Lair:2   | Found a staircase to the Swamp.
 16955 | Lair:2   | Identified the +4 long sword of Xom {protect, Dex+3}
 16976 | Lair:2   | Reached XP level 13. HP: 56/66 MP: 24/24
 16980 | Lair:2   | Learned a level 3 spell: Teleport Other
 17161 | Lair:2   | Reached skill level 5 in Translocations
 17161 | Lair:2   | Reached XP level 14. HP: 70/70 MP: 25/25
 17621 | Lair:3   | Reached skill level 5 in Shields
 19156 | Lair:4   | Reached skill level 5 in Throwing
 19335 | Lair:4   | Found a viscous altar of Jiyva.
 19372 | Lair:4   | Identified the +2 trident of Acessuum {spect, *Noise Str+6
                  | Dex-5 SInv}
 19450 | Lair:4   | Reached *** piety under Makhleb
 19650 | Lair:4   | HP: 3/70 [catoblepas (19)]
 19884 | Lair:4   | Found a staircase to the Slime Pits.
 20700 | Lair:5   | Entered Level 5 of the Lair of Beasts
 21420 | Lair:5   | Reached skill level 1 in Armour
 21704 | Lair:5   | Reached **** piety under Makhleb
 22170 | Lair:5   | Reached XP level 15. HP: 78/78 MP: 28/28
 22947 | D:10     | Found a burning altar of Makhleb.
 23101 | D:10     | Paralysed by a hornet for 2 turns
 23473 | D:10     | Found an ancient bone altar of Kikubaaqudgha.
 23491 | D:10     | Found Lotuf's Assorted Antiques.
 23566 | D:10     | Bought a scroll of identify for 46 gold pieces
 23568 | D:10     | Bought a triangular golden amulet for 115 gold pieces
 23718 | D:11     | Found a runed translucent gate.
 23718 | D:11     | Found a runed translucent gate.
 23720 | D:11     | Found a runed translucent gate.
 23723 | D:11     | Noticed BiteMe's ghost (journeyman DsFE)
 23931 | Orc:1    | Entered Level 1 of the Orcish Mines
 23932 | Orc:1    | Found a frozen archway.
 24020 | Orc:1    | Noticed Harold
 24024 | IceCv    | Entered an ice cave
 24391 | IceCv    | Drowned by a quicksilver ooze

Illustrated notes

Levels and vault maps discovered:
D:1:      elethiomel_arrival_shortcut, layout_loops_ring, serial_shops, shop
D:2:      layout_rooms, serial_shops, shop, shop, shop_statue,
          nicolae_shop_waterfront, nicolae_shop_statue_plus, basic_altar,
          uniq_crazy_yiuf_cottage, uniq_natasha
D:3:      layout_rooms, nicolae_overflow_ecumenical_swirl, lemuel_doored_altar,
          uniq_terence
D:4:      lemuel_castle_with_subvaults [lemuel_castle_interior_carwin_1],
          layout_loops_corners, kennysheep_ying_yang, uniq_edmund, uniq_pikel
D:5:      layout_basic, nicolae_ru_path_of_blood, lemuel_tele_altar,
          zin_academy, uniq_blork_the_orc
D:6:      layout_loops_corners
D:7:      nzn_winding_woodlands_stair_cross
          [nzn_winding_woodlands_5x15_longhouse,
          nzn_winding_woodlands_center_diamonds,
          nzn_winding_woodlands_5x15_pockets,
          nzn_winding_woodlands_5x5_closed_star,
          nzn_winding_woodlands_5x5_default, nzn_winding_woodlands_5x15_zeroes,
          nzn_winding_woodlands_center_triple_pond,
          nzn_winding_woodlands_5x15_jagged], layout_basic,
          nemelex_spade_bored_becter, nicolae_grassy_gnolls
D:8:      layout_layer_cave, grunt_dithmenos_smoke_and_mirrors,
          okawaru_altar_gauntlet_db, erik_lair_island, enter_ossuary_2,
          uniq_gastronok, uniq_joseph
D:9:      layout_roguey, mainiacjoe_overflow_alcove_4, enter_bailey_5,
          hangedman_decor_peaks_small, uniq_psyche
D:10:     cheibrodos_fzero, layout_irregular_city, jmf_multi_god_temple2,
          bloody_makhleb, tgw_kikubaaqudgha, mainiacjoe_overflow_cross_hatched,
          orc_0_dummy, serial_shops, nicolae_inconvenience_store,
          roderic_batcave, uniq_erica, uniq_maggie, uniq_maurice
D:11:     layout_basic, gammafunk_ghost_split
Temple:   hellmonk_temple_beads
Lair:1:   layout_misc_corridors, nzn_sisyphean_effort,
          infiniplex_staircase_pool, grunt_megastairs_4, serial_bayou_shore_b
Lair:2:   layout_regular_city, swamp_mist, nicolae_spider_entry_orb_guardian,
          st_stairs_10, roderic_carrion_pond
Lair:3:   layout_layer_cave, eino_small_chamber_without_monster,
          pdpol_lair_neglected_garden
Lair:4:   layout_cellular_growth, nicolae_slime_entry_slimehenge,
          bobbens_dragon_lair_wall
Lair:5:   due_jungle_book, layout_regular_city, serial_bayou_shore_b
Orc:1:    layout_caves, portal_ice_cave_entry_pillars_2, nicolae_shop_self_help,
          uniq_snorg, uniq_harold
IceCv:    ice_cave_hellmonk_azure_passage

Skill      XL: |  1  2  3  4  5  6  7  8  9 10 11 12 13 14 15 |
---------------+----------------------------------------------+-----
Short Blades   | 2 3 4 6 8 9 10 | 10.5
Stealth        | 5 6 |  6.1
Dodging        | 2 4 6 7 |  7.1
Fighting       | 3 5 6 8 |  8.5
Spellcasting   | 2 5 6 8 |  8.9
Evocations     | 5 7 |  7.8
Invocations    | 4 6 7 8 |  8.0
Hexes          | 6 7 |  7.0
Shields        | 4 5 |  5.9
Translocations | 5 7 |  7.0
Throwing       | 5 |  5.1
Armour         | 2 4 |  4.1

Action                     |  1- 3 |  4- 6 |  7- 9 | 10-12 | 13-15 || total
---------------------------+-------+-------+-------+-------+-------++-------
  Melee: Dagger            |    83 |    52 |       |       |       ||   135
         Bite              |    13 |    37 |   163 |   434 |   464 ||  1111
         Short sword       |       |   103 |   443 |  1041 |   910 ||  2497
         Punch             |       |     3 |    13 |    24 |     1 ||    41
  Throw: Dart              |     1 |     1 |     8 |    24 |    10 ||    44
         Javelin           |       |     1 |     4 |     3 |       ||     8
         Throwing net      |       |       |       |     4 |       ||     4
         Boomerang         |       |       |       |       |     1 ||     1
   Cast: Confusing Touch   |       |       |       |       |    46 ||    46
         Teleport Other    |       |       |       |       |     1 ||     1
  Evoke: Wand              |       |       |       |    12 |     3 ||    15
         Box of beasts     |       |       |       |     1 |       ||     1
    Use: Scroll            |     4 |     1 |     6 |     8 |     7 ||    26
         Potion            |       |       |     1 |       |     4 ||     5
   Stab: Sleeping          |     5 |    10 |    11 |    13 |     7 ||    46
         Distracted        |       |     1 |     5 |     4 |       ||    10
         Held in net/web   |       |       |       |     2 |       ||     2
         Confused          |       |       |       |       |    32 ||    32
 Armour: Robe              |     6 |       |       |       |       ||     6
         Leather armour    |    11 |    22 |    35 |    49 |    84 ||   201
  Dodge: Dodged            |    37 |    63 |   168 |   574 |   415 ||  1257
  Block: Buckler           |       |       |       |       |   171 ||   171
